 Dungeon Crawl Stone Soup version 0.21-a0-200-gb89f83b (webtiles) character file.

5686 nikopol the Cleaver (level 10, -1/90 HPs)
             Began as a Minotaur Berserker on Aug 16, 2017.
             Was a High Priest of Trog.
             Killed from afar by an electric eel (4 damage)
             ... with a bolt of electricity
             ... on level 10 of the Dungeon.
             The game lasted 00:24:04 (9150 turns).

nikopol the Cleaver (Minotaur Berserker)            Turns: 9150, Time: 00:24:04

Health: -1/90      AC: 22    Str: 24    XL:     10   Next: 47%
Magic:  10/10      EV: 13    Int:  9    God:    Trog [*****.]
Gold:   1425       SH:  0    Dex: 11    Spells: 9/9 levels left

rFire    x . .     SeeInvis .   N - +1 hand axe (elec)
rCold    . . .     Gourm    .   (no shield)
rNeg     . . .     Faith    .   P - +7 chain mail of the Everdark {rF- Int+5}
rPois    .         Spirit   .   (helmet restricted)
rElec    .         Reflect  .   m - scarf {repulsion}
rCorr    .         Harm     .   k - +0 pair of gloves
MR       .....                  z - +1 pair of boots
Stlth    ..........             (no amulet)
HPRegen  0.25/turn              d - ring of flight
MPRegen  0.12/turn              W - +2 ring of evasion

@: lethally poisoned (-1 -> -3), berserk cooldown, slowed, repel missiles, very
slow
A: retaliatory headbutt, horns 2
a: Berserk, Trog's Hand, Brothers in Arms, Burn Spellbooks, Renounce Religion,
Evoke Flight


You were on level 10 of the Dungeon.
You worshipped Trog.
Trog was extremely pleased with you.
You were hungry.

You visited 1 branch of the dungeon, and saw 10 of its levels.
You also visited: Sewer and Bailey.

You collected 1425 gold pieces.

Inventory:

Hand Weapons
 N - a +1 hand axe of electrocution (weapon)
Missiles
 i - 8 poisoned tomahawks
 K - 3 tomahawks of returning
 M - 6 tomahawks
 O - a silver tomahawk (quivered)
Armour
 k - a +0 pair of gloves (worn)
 m - a scarf of repulsion (worn)
 y - a scarf of cloud immunity
 z - a +1 pair of boots (worn)
 P - the +7 chain mail of the Everdark (worn) {rF- Int+5}
   (You found it in a bailey)

   It affects your intelligence (+5).
   It makes you vulnerable to fire.
Jewellery
 d - a ring of flight (left hand)
 W - a +2 ring of evasion (right hand)
Wands
 S - a wand of paralysis (14/24)
Scrolls
 a - a scroll of amnesia {unknown}
 h - 4 scrolls of recharging {unknown}
 n - 8 scrolls of remove curse
 o - 3 scrolls of fear {unknown}
 q - a scroll of enchant weapon {unknown}
 u - 2 scrolls of enchant armour {unknown}
 v - 5 scrolls of teleportation {unknown}
 w - 2 scrolls of blinking {unknown}
 x - a scroll of identify
 D - 2 scrolls of noise {unknown}
 G - 5 scrolls of fog {unknown}
 I - 3 scrolls of random uselessness {unknown}
 U - a scroll of torment {unknown}
Potions
 e - a potion of curing {unknown}
 g - 2 potions of mutation
 s - 6 potions of flight
 t - 5 potions of might
 B - 2 potions of haste {unknown}
 C - 2 potions of degeneration {unknown}
 E - a potion of cancellation {unknown}
 F - a potion of agility {unknown}
 H - 2 potions of invisibility {unknown}
 L - 2 potions of heal wounds
 R - a potion of resistance {unknown}
Comestibles
 b - a meat ration
 c - 4 bread rations
 f - a chunk of flesh
 A - 8 fruits


   Skills:
 + Level 8.6 Fighting
 + Level 11.7 Axes
 + Level 4.1 Throwing
 + Level 10.1 Armour
 + Level 5.5 Dodging
 + Level 1.2 Stealth
 + Level 1.5 Evocations


You had 9 spell levels left.
You didn't know any spells.

Dungeon Overview and Level Annotations

Branches:
Dungeon (10/15)            Temple (0/1) D:4            Lair (0/6) D:10
    Orc: D:9-12

Altars:
Dithmenos
Fedhas
Gozag
Trog
Uskayaw
Vehumet
Xom
Zin
The Shining One

Annotations:
D:10 Sonja


Innate Abilities, Weirdness & Mutations

You reflexively headbutt those who attack you in melee.
You have a pair of horns on your head.


Message History

Your surroundings suddenly seem different.
You feel a strong urge to attack something.
You feel sick.
You feel sick.
The electric eel shoots out a bolt of lightning at you!
The bolt of electricity hits you!
* * * LOW HITPOINT WARNING * * *
You feel your anger subside.
You are no longer berserk.
You are exhausted.
You feel as though you will be slow longer.
You feel sick.
You feel sick.
The electric eel shoots out a bolt of lightning at you!
The bolt of electricity hits you!
* * * LOW HITPOINT WARNING * * *
* * * LOW HITPOINT WARNING * * *
You feel sick.
The electric eel shoots out a bolt of lightning at you!
The bolt of electricity hits you!
You die...

...#......#.....#...).......'.)..
...#......#....<#...>.......#....
...#.....(#.....#...........#....
...#......#.....#...........#....
...+.>....#.....#...........#....
...#......#....#########...>#....
..##......######.......######.)..
..####+##.....................)..
...+............@.............[..
.................................
≈≈≈;≈≈≈≈≈≈≈≈≈≈≈;≈≈...............
≈≈≈≈≈≈≈≈≈≈≈≈≈≈≈≈≈≈...............
################≈≈...........#'##
#≈≈...........#...
#≈≈...........#...
#≈≈...........'...
#≈≈...........#...


You could see an electric eel.

Vanquished Creatures
  An orc knight (Bailey)
  The ghost of nikopol the Chopper, an amateur MiBe of Trog (Sewer)
  A hippogriff (D:7)
  A wyvern (D:8)
  A hungry ghost (D:7)
  2 water moccasins (D:6)
  2 black bears (D:8)
  An ice beast (D:8)
  12 orc warriors
  2 ogres (D:7)
  A necrophage (D:6)
  A phantom (D:5)
  3 sky beasts
  3 centaurs
  The ghost of nikopol the Firebug, an amateur DEFE (D:3)
  5 bullfrogs
  A wyvern zombie (D:8)
  A gnoll sergeant (D:9)
  A scorpion (D:10)
  4 crimson imps (D:6)
  A bullfrog zombie (D:9)
  A quasit (D:9)
  2 jellies
  6 orc priests
  A hound (D:8)
  2 gnoll shamans
  2 bullfrog skeletons
  5 worker ants
  2 iguanas
  11 orc wizards
  Terence (D:3)
  2 hound zombies
  2 hound skeletons
  11 gnolls
  6 adders
  A river rat (D:6)
  2 shadow imps (D:9)
  5 oozes
  3 adder skeletons
  6 worms
  2 dart slugs (D:2)
  7 leopard geckos
  50 orcs
  8 bats
  7 giant cockroaches
  14 goblins
  8 hobgoblins
  17 jackals
  7 kobolds
  4 quokkas
  4 ball pythons
  5 frilled lizards
  A leopard gecko zombie (D:7)
  15 rats
  A plant (D:2)
267 creatures vanquished.

Notes
Turn   | Place    | Note
-------+----------+-------------------------------------------
     0 | D:1      | nikopol the Minotaur Berserker began the quest for the Orb.
     0 | D:1      | Reached XP level 1. HP: 19/19 MP: 0/0
   136 | D:1      | Reached XP level 2. HP: 20/27 MP: 1/1
   609 | D:1      | Reached skill level 4 in Axes
   767 | D:2      | Reached ** piety under Trog
   786 | D:2      | Reached XP level 3. HP: 24/34 MP: 2/2
  1171 | D:2      | Found a radiant altar of Vehumet.
  1703 | D:3      | Noticed nikopol's ghost (amateur DEFE)
  1708 | D:3      | Killed nikopol's ghost
  1708 | D:3      | Reached skill level 5 in Fighting
  1708 | D:3      | Reached XP level 4. HP: 42/42 MP: 3/3
  1753 | D:3      | Noticed Terence
  1765 | D:3      | Killed Terence
  1765 | D:3      | Reached XP level 5. HP: 45/48 MP: 4/4
  1906 | D:3      | Reached skill level 5 in Axes
  1922 | D:3      | Found a glowing silver altar of Zin.
  2064 | D:3      | Reached *** piety under Trog
  2207 | D:4      | Reached XP level 6. HP: 51/56 MP: 5/5
  2323 | D:4      | Found a staircase to the Ecumenical Temple.
  2634 | D:4      | Found a hide-covered altar of Uskayaw.
  2772 | D:4      | Reached skill level 6 in Axes
  3092 | D:5      | Entered Level 5 of the Dungeon
  3144 | D:5      | Found a glowing golden altar of the Shining One.
  3638 | D:5      | Reached XP level 7. HP: 48/62 MP: 6/6
  3723 | D:5      | Reached **** piety under Trog
  3785 | D:5      | Found a shimmering altar of Xom.
  3816 | D:6      | Reached skill level 7 in Axes
  3893 | D:6      | Found a glowing drain.
  3904 | Sewer    | Entered a sewer
  4387 | Sewer    | Noticed nikopol's ghost (amateur MiBe)
  4403 | Sewer    | Killed nikopol's ghost
  4403 | Sewer    | Reached skill level 8 in Axes
  4403 | Sewer    | Reached skill level 1 in Stealth
  4530 | D:6      | Reached XP level 8. HP: 40/71 MP: 7/7
  4544 | D:6      | Found a shadowy altar of Dithmenos.
  4621 | D:6      | Reached skill level 5 in Armour
  4759 | D:6      | Reached skill level 1 in Evocations
  4771 | D:6      | HP: 3/71 [poisoned by a water moccasin]
  4777 | D:6      | HP: 3/71 [poisoned by a water moccasin]
  4785 | D:6      | HP: 2/71 [poisoned by a water moccasin]
  5092 | D:6      | Found a blossoming altar of Fedhas.
  5126 | D:6      | Reached skill level 9 in Axes
  5924 | D:6      | Reached XP level 9. HP: 79/79 MP: 8/8
  6166 | D:7      | Received a gift from Trog
  6166 | D:7      | Reached skill level 10 in Axes
  6208 | D:7      | Reached ***** piety under Trog
  6333 | D:7      | Reached skill level 1 in Throwing
  6912 | D:7      | Reached skill level 5 in Dodging
  7013 | D:8      | Found a flagged portal.
  7018 | Bailey   | Entered a bailey
  7018 | Bailey   | Noticed an orc knight
  7061 | Bailey   | Reached skill level 11 in Axes
  7262 | Bailey   | Got a pitted chain mail
  7273 | Bailey   | Identified the +7 chain mail of the Everdark {rF- Int+5} (You found it in a bailey)
  7475 | Bailey   | Reached XP level 10. HP: 53/88 MP: 9/9
  7477 | Bailey   | Killed an orc knight
  7952 | D:8      | Found a glowing golden altar of the Shining One.
  7985 | D:8      | Found a bloodstained altar of Trog.
  8175 | D:8      | Found a bloodstained altar of Trog.
  8466 | D:9      | Found an opulent altar of Gozag.
  8669 | D:9      | Reached skill level 10 in Armour
  9004 | D:10     | Entered Level 10 of the Dungeon
  9019 | D:10     | Found a staircase to the Lair.
  9132 | D:10     | Noticed Sonja
  9149 | D:10     | HP: 4/90 [electric eel/bolt of electricity (7)]
  9150 | D:10     | Killed from afar by an electric eel

Vault maps used:
D:1:      dpeg_arrival_concentric_ovals
D:2:      nicolae_overflow_crystal_walls, serial_forest,
          infiniplex_forest_end_2, infiniplex_forest_lined_3,
          infiniplex_forest_zigzag_1, infiniplex_forest_3_way,
          infiniplex_forest_clump_small, infiniplex_forest_clump_curved,
          hangedman_decor_points
D:3:      lemuel_doored_altar, uniq_terence
D:4:      marbit_many_paths, temple_green, first_bread
D:5:      nicolae_overflow_hidden_temple, basic_altar
D:6:      fedhas_altar_1, lemuel_coloured_pillars_altar, portal_sewer_entry_e
D:7:      serial_bayou_pond_d, nicolae_sextant
D:8:      trog_ov_bears_minmay, tso_oasis_becter, enter_bailey_3,
          trog_hazing_becter
D:9:      basic_altar
D:10:     lair_entry_dummy, erik_orc_2, basic_altar, trove_entry_hex_spiral,
          grunt_livestock, uniq_sonja
Sewer:    sewer_fruit_machine
Bailey:   bailey_polearm_4, bailey

Skill      XL: |  1  2  3  4  5  6  7  8  9 10 |
---------------+-------------------------------+-----
Fighting       | 4 5 6 7 8 |  8.6
Axes           | 4 5 6 8 9 11 | 11.7
Dodging        | 3 4 5 |  5.5
Armour         | 3 4 7 9 10 | 10.1
Stealth        | 1 |  1.2
Evocations     | 1 |  1.5
Throwing       | 3 4 |  4.1

Action                   |  1- 3 |  4- 6 |  7- 9 | 10-12 || total
-------------------------+-------+-------+-------+-------++-------
Melee: Hand axe          |   140 |   144 |   346 |   129 ||   759
       Headbutt          |    30 |    28 |    66 |    27 ||   151
Throw: Tomahawk          |       |       |    45 |     3 ||    48
       Javelin           |       |       |     5 |       ||     5
Invok: Berserk           |     1 |     1 |     5 |     1 ||     8
       Burn Spellbooks   |       |       |       |     1 ||     1
 Abil: Evoke Flight      |       |       |     3 |       ||     3
       Stop Flying       |       |       |     2 |     1 ||     3
  Use: Scroll            |       |       |     2 |     7 ||     9
  Eat: Chunk             |     3 |     8 |    14 |     6 ||    31
       Royal jelly       |       |       |     1 |       ||     1
       Bread ration      |       |       |     1 |       ||     1
Armor: Animal skin       |    15 |       |       |       ||    15
       Ring mail         |    11 |     2 |       |       ||    13
       Scale mail        |       |    61 |   122 |       ||   183
       Chain mail        |       |       |     6 |    67 ||    73
Dodge: Dodged            |    38 |    73 |   191 |    86 ||   388
       Deflected         |     1 |     5 |     8 |    15 ||    29
